 Dungeon Crawl Stone Soup version 0.30.0-18-gc0e69614cb (webtiles) character file.

Game seed: 12544798122297732222

26 Cheops the Digger (level 2, 0/21 HPs)
             Began as an Armataur Earth Elementalist on May 24, 2023.
             Slain by a gnoll
             ... wielding a +0 spear
             ... led by a gnoll bouda
              (3 damage)
             ... on level 2 of the Dungeon.
             The game lasted 00:01:17 (943 turns).

Cheops the Digger (Armataur Earth Elementalist)      Turns: 943, Time: 00:01:18

Health: 0/21       AC:  4    Str: 13    XL:     2   Next: 89%
Magic:  3/4        EV:  9    Int: 15    God:
Gold:   37         SH:  0    Dex: 10    Spells: 1/4 levels left

rFire   . . .        a - +0 dagger
rCold   . . .        (no shield)
rNeg    . . .        c - +0 robe
rPois   .            (no helmet)
rElec   .            (no cloak)
rCorr   .            (no gloves)
SInv    .            (no barding)
Will    .....        (no amulet)
Stlth   ++           (no ring)
HPRegen 0.23/turn    (no ring)
MPRegen 0.09/turn

%: roll
@: weakened
A: large, rugged brown scales 3, deformed body, armoured tail, roll, long
tongue, awkward tongue
a: no special abilities


You were on level 2 of the Dungeon.
You visited 1 branch of the dungeon, and saw 2 of its levels.

You collected 37 gold pieces.

Inventory:

Hand Weapons
 a - a +0 dagger (weapon)
Armour
 c - a +0 robe (worn)
Jewellery
 e - an amulet of guardian spirit
Scrolls
 f - a scroll of poison {unknown}
Potions
 b - a potion of magic
 d - a potion of heal wounds {unknown}
 g - a potion of degeneration {unknown}


   Skills:
 - Level 1.3 Dodging
 + Level 2.9 Stealth
 - Level 1.7 Spellcasting
 - Level 0.8 Transmutations
 * Level 3.4 Earth Magic


You had one spell level left.
You knew the following spells:

 Your Spells              Type           Power      Damage    Failure   Level
a - Sandblast             Erth           22%        2d7       5%          1
P - Passwall              Tmut/Erth      5%         N/A       14%         2

Your spell library contained the following spells:

 Spells                   Type           Power      Damage    Failure   Level
 Stone Arrow              Conj/Erth      12%        3d7       32%         3
 Petrify                  Tmut/Erth      7%         N/A       67%         4


Dungeon Overview and Level Annotations

Branches:
Dungeon (2/15)

Altars:


Innate Abilities, Weirdness & Mutations

You are completely covered in rugged brown scales. (AC +3, +7% HP)
Armour fits poorly on your strangely shaped body.
You have a long armoured tail.
You roll when moving toward enemies. (Rampage)
Your long tongue fully drains potion bottles. (2x potion effects)
Your tongue gives you trouble enunciating. (1.5x scroll delay)


Message History

Found a pair of boots.
Found a stone staircase leading up.
You see here a +0 pair of boots.
There is a stone staircase leading up here.
Found 2 stones. 2 gnolls come into view.
Found a crooked smoking staff.
There are monsters nearby!
There are monsters nearby!
There are monsters nearby!
Casting: Sandblast (safe; 5% risk of failure)
Confirm with . or Enter, or press ? or * to list all spells.
Aiming: Sandblast (safe; 5% risk of failure)
Press: ? - help, Shift-Dir - straight line, f - gnoll
Aim: a gnoll, wielding a +0 flail (84% to hit)
The blast of sand hits the gnoll!
The gnoll is severely wounded.
Casting: Sandblast (safe; 5% risk of failure)
Confirm with . or Enter, or press ? or * to list all spells.
Aiming: Sandblast (safe; 5% risk of failure)
Press: ? - help, Shift-Dir - straight line, f/p - gnoll
Aim: a gnoll, wielding a +0 flail (severely wounded, 84% to hit)
The blast of sand misses the gnoll.
The gnoll shouts!
A gnoll bouda comes into view. It is wielding a +0 club.
The gnoll hits you with a +0 flail!
* * * LOW HITPOINT WARNING * * *
The gnoll bouda barks out a call to the hunt!
The gnolls pick up the pace!
The gnoll hits you with a +0 flail.
* * * LOW HITPOINT WARNING * * *
The gnoll attacks as you move away! The gnoll hits you with a +0 flail.
* * * LOW HITPOINT WARNING * * *
The gnoll completely misses you.
The gnoll hits you from afar with a +0 spear.
* * * LOW HITPOINT WARNING * * *
The gnoll hits you but does no damage.
The gnoll bouda gazes fiercely through you!
You feel your attacks grow feeble.
The gnoll hits you from afar with a +0 spear.
You die...

#.# # #.#####.###..#
#............# ######
######(.###### ...... #.g#
####.# ##### ##..###....#
#.g.........
...####..g###.############
.........@# #.##..........
...#####..# #.##.#########
#..###.##.# ##.........#
............####
#############


You could see a gnoll bouda and 2 gnolls.

Vanquished Creatures
  A dart slug (D:1)
  2 ball pythons (D:1)
  An endoplasm (D:1)
  A giant cockroach (D:1)
  2 goblins (D:1)
  3 hobgoblins (D:1)
  3 bats (D:1)
  3 frilled lizards (D:1)
  5 kobolds (D:1)
  2 rats (D:1)
23 creatures vanquished.

Notes
Turn   | Place    | Note
-------+----------+-------------------------------------------
     0 | D:1      | Cheops the Armataur Earth Elementalist began the quest for
                  | the Orb.
     0 | D:1      | Reached XP level 1. HP: 14/14 MP: 3/3
   167 | D:1      | Reached skill level 3 in Earth Magic
   194 | D:1      | Reached XP level 2. HP: 21/21 MP: 1/4
   877 | D:2      | Learned a level 2 spell: Passwall
   943 | D:2      | Slain by a gnoll

Illustrated notes

Levels and vault maps discovered:
D:1:      scummos_arrival_simple_fountains, layout_rooms, nicolae_eternal_life
D:2:      layout_loops_ring, minmay_misc_feat_diagonals

Skill      XL: |  1 |
---------------+----+-----
Earth Magic    | 3 |  3.4
Dodging        | |  1.3
Stealth        | |  2.9
Spellcasting   | |  1.7
Transmutations | |  0.8

Action                     || total
---------------------------++-------
  Melee: Unarmed           ||     2
         Tailslap          ||     1
   Cast: Sandblast         ||    32
 Armour: Robe              ||     3
  Dodge: Dodged            ||     6
